 Dungeon Crawl Stone Soup version 0.30-a0-389-g8d7d949f56 (webtiles) character file.

Game seed: 13728972242100609149

38 p00ps00p the Trooper (level 3, -3/33 HPs)
             Began as a Hill Orc Fighter on Dec 4, 2022.
             Killed from afar by a dart slug (5 damage)
             ... with a slug dart
             ... on level 2 of the Dungeon.
             The game lasted 00:01:51 (910 turns).

p00ps00p the Trooper (Hill Orc Fighter)              Turns: 910, Time: 00:01:52

Health: -3/33      AC:  7    Str: 20    XL:     3   Next: 43%
Magic:  3/3        EV:  9    Int:  8    God:
Gold:   74         SH:  4    Dex: 10    Spells: 2/2 levels left

rFire   . . .      SeeInvis .    a - +1 war axe
rCold   . . .      Faith    .    c - +0 buckler
rNeg    . . .      Spirit   .    b - +0 scale mail
rPois   .          Reflect  .    (no helmet)
rElec   .          Harm     .    (no cloak)
rCorr   .          Rampage  .    (no gloves)
Will    .....                    (no boots)
Stlth   ..........               (no amulet)
HPRegen 0.25/turn                (no ring)
MPRegen 0.08/turn                (no ring)

@: no status effects
A: no striking features
a: no special abilities


You were on level 2 of the Dungeon.
You visited 1 branch of the dungeon, and saw 2 of its levels.

You collected 74 gold pieces.

Inventory:

Hand Weapons
 a - a +1 war axe (weapon)
Armour
 b - a +0 scale mail (worn)
 c - a +0 buckler (worn)
Jewellery
 j - an amulet of guardian spirit
Scrolls
 e - a scroll of identify
 h - a scroll of teleportation
Potions
 d - a potion of might


   Skills:
 + Level 4.1 Fighting
 + Level 3.3 Axes
 + Level 3.7 Armour
 + Level 3.7 Shields


You had 2 spell levels left.
You didn't know any spells.
Your spell library contained the following spells:

 Spells                   Type           Power      Damage    Failure   Level
 Blink                    Tloc           0%         N/A       94%         2
 Momentum Strike          Conj/Tloc      0%         3d8       94%         2
 Static Discharge         Conj/Air       0%         2-2/arc   94%         2
 Lesser Beckoning         Tloc           0%         N/A       99%         3
 Vhi's Electric Charge    Tloc/Air       0%         N/A       99%         3
 Arcjolt                  Conj/Air       0%         1d10      100%        5
 Lightning Bolt           Conj/Air       0%         1d11      100%        5


Dungeon Overview and Level Annotations

Branches:
Dungeon (2/15)

Altars:

Shops:
D:1 =   D:2 :


Message History

You are held in a net!
Unknown command.
You are held in a net!
Unknown command.
The gnoll hits you with a +0 club.
You are held in a net!
Unknown command.
You are held in a net!
Unknown command.
You are held in a net!
Unknown command.
You are held in a net!
Unknown command.
You are held in a net!
Unknown command.
You are held in a net!
Unknown command.
You are held in a net!
Unknown command.
You struggle against the net.
The gnoll hits you from afar with a +0 spear.
You struggle against the net.
The gnoll hits you with a +0 club. The gnoll hits you but does no damage.
The gnoll hits you with a +0 whip.
You tear a large gash into the net.
The gnoll hits you with a +0 whip. The gnoll hits you with a +0 club.
* * * LOW HITPOINT WARNING * * *
The gnoll hits you from afar with a +0 spear.
* * * LOW HITPOINT WARNING * * *
You rip the net and break free!
The gnoll hits you with a +0 club.
* * * LOW HITPOINT WARNING * * *
The gnoll barely misses you. The gnoll hits you with a +0 whip.
* * * LOW HITPOINT WARNING * * *
As you read the scroll of teleportation, it crumbles to dust.
You feel strangely unstable. The gnoll closely misses you. x2
Unknown command.
The gnoll attacks as you move away! You block the gnoll's attack.
Your surroundings suddenly seem different.
The dart slug launches a dart at you. The slug dart hits you.
You die...

######### ###### #.......# #.....
#.......# #.#### #.......#######
#.##.. #.....@.#.....# #.###. ***
#.......#.....# #.....
,,********#.......#.....####.....
,,,,,,,,,*#.......#.....#........
,,,,,,,,,*#.......#.....#........
,,,,,,,,,*#.....w.#.....#^.....##
,,,,,,,,,*####..g##.....####.....
,,,,,,,,,,......g.g.....)..'.....
,,,,,,,,,,.......?.......###.....


You could see 2 gnolls and a dart slug.

Vanquished Creatures
  An adder (D:2)
  A dart slug (D:1)
  2 endoplasms (D:1)
  A giant cockroach (D:1)
  A goblin (D:2)
  3 hobgoblins (D:1)
  4 jackals (D:1)
  2 kobolds
  3 quokkas (D:1)
  3 bats
  A frilled lizard (D:1)
  A rat (D:2)
23 creatures vanquished.

Notes
Turn   | Place    | Note
-------+----------+-------------------------------------------
     0 | D:1      | p00ps00p the Hill Orc Fighter began the quest for the Orb.
     0 | D:1      | Reached XP level 1. HP: 19/19 MP: 1/1
   112 | D:1      | Reached XP level 2. HP: 18/27 MP: 2/2
   428 | D:1      | Reached skill level 4 in Fighting
   436 | D:1      | Reached XP level 3. HP: 27/33 MP: 3/3
   588 | D:1      | Found Hoelidosua's Jewellery Emporium.
   778 | D:2      | Found Imeomn's Vocational Training.
   906 | D:2      | HP: 1/33 [gnoll/+0 whip (2)]
   910 | D:2      | Killed from afar by a dart slug

Illustrated notes

Levels and vault maps discovered:
D:1:      minmay_arrival_four_houses, layout_loops_ring, serial_shops,
          nicolae_shop_waterfront
D:2:      layout_basic, nicolae_shop_vocational

Skill      XL: |  1  2 |
---------------+-------+-----
Axes           | 3 |  3.3
Fighting       | 4 |  4.1
Armour         | |  3.7
Shields        | |  3.7

Action                   || total
-------------------------++-------
Melee: War axe           ||    56
  Use: Scroll            ||     5
Armor: Scale mail        ||    35
Dodge: Dodged            ||    30
Block: Buckler           ||    18

Table legend: (Time is in decaauts)
 A = Elapsed time spent in this place.
 B = Non-inter-level travel time spent in this place.
 C = Inter-level travel time spent in this place.
 D = Time resting spent in this place.
 E = Time spent auto-exploring this place.
 F = Levels seen in this place.
 G = Mean time per level.
                   A        B        C        D        E       F      G
               +--------+--------+--------+--------+--------+-----+--------+
         Total |    933 |    898 |     35 |      0 |    720 |   2 |  466.5 |
       Dungeon |    933 |    898 |     35 |      0 |    720 |   2 |  466.5 |
               +--------+--------+--------+--------+--------+-----+--------+

Top non-repeatable levels by time:
     D:1: 720 daAuts
     D:2: 213 daAuts
